Map: Jagannatha LE

Players

soul - Winner!

  • Race: Terran Terran
  • Spawn Location: 7:00

Stats

  • Race: Protoss Protoss
  • Spawn Location: 1:00

Event: StayAtHome Story Cup #3

VOD

Have the link to the VOD?

Description

Time

  • Played on: March 13, 2021, 10:11 a.m.
  • Length: 14:24

All games in this series

Show
View Real Time Build Order
Export as new Build Order

soul Terran - Winner!

Build Orders: Hellion Banshee 

Get SALT Encoding   

  12  0:00  SCV  
  13  0:13  SCV  
  14  0:17  Supply Depot  
  14  0:25  SCV  
  15  0:39  SCV  
  15  0:40  Barracks  
  16  0:44  Refinery  
  16  0:51  SCV  
  17  1:03  SCV  
  18  1:15  SCV  
  19  1:27  Marine  
  19  1:28  Orbital Command  
  20  1:40  Command Center  
  20  1:50  Factory  
  20  1:55  SCV  
  21  2:04  Barracks Reactor, Supply Depot  
  21  2:08  SCV  
  22  2:12  Refinery  
  22  2:20  SCV  
  23  2:32  SCV  
  24  2:38  Starport  
  24  2:44  Hellion x2  
  24  2:45  SCV  
  24  2:50  Marine  
  30  2:54  Orbital Command  
  30  2:57  SCV  
  30  3:06  Hellion  
  30  3:07  Hellion  
  30  3:11  Marine  
  35  3:16  Medivac  
  39  3:28  Hellion  
  39  3:29  Hellion, Marine  
  39  3:32  SCV  
  39  3:34  SCV  
  44  3:38  Supply Depot  
  44  3:42  Supply Depot  
  44  3:47  SCV  
  45  3:50  Starport Tech Lab  
  45  3:55  SCV  
  46  3:59  SCV  
  46  4:00  Factory Tech Lab, Marine x2  
  46  4:01  Bunker  
  49  4:07  SCV  
  50  4:10  Raven  
  50  4:15  SCV  
  53  4:18  Marine  
  53  4:19  SCV, Siege Tank  
  53  4:23  Marine  
  54  4:28  SCV  
  54  4:31  SCV  
  54  4:36  Marine  
  49  4:40  SCV, Marine  
  49  4:42  Bunker  
  49  4:43  SCV  
  49  4:44  Bunker  
  53  4:54  Marine, Siege Tank  
  53  4:55  Bunker  
  53  4:56  Banshee  
  53  4:58  Marine  
  60  5:01  SCV  
  60  5:02  SCV  
  62  5:07  Supply Depot  
  62  5:11  Supply Depot  
  62  5:12  Marine  
  62  5:13  SCV  
  64  5:14  SCV  
  64  5:16  Marine  
  62  5:25  SCV  
  64  5:34  SCV  
  64  5:37  Command Center  
  64  5:44  Bunker  
  64  5:45  SCV  
  65  5:50  Siege Tank  
  65  5:51  Marine  
  65  5:54  Marine  
  71  5:57  SCV  
  71  6:02  Barracks  
  71  6:03  SCV  
  72  6:05  Barracks  
  72  6:09  Marine  
  70  6:11  Marine  
  70  6:12  SCV  
  66  6:25  Engineering Bay x2  
  66  6:27  Marine  
  66  6:29  SCV, Marine  
  69  6:33  Starport Reactor  
  69  6:34  Siege Tank  
  69  6:39  SCV  
  73  6:48  Barracks  
  73  6:49  Barracks  
  73  6:53  Orbital Command  
  73  6:55  SCV  
  73  6:57  Missile Turret  
  73  7:00  SCV  
  70  7:02  Marine  
  70  7:03  Marauder  
  70  7:08  SCV  
  72  7:12  SCV  
  73  7:16  Stimpack  
  73  7:18  Combat Shield  
  73  7:19  Refinery, Marauder  
  73  7:20  Refinery  
  73  7:22  Terran Infantry Weapons Level 1  
  75  7:23  SCV  
  75  7:24  Marine x3  
  79  7:30  Terran Infantry Armor Level 1  
  79  7:31  SCV  
  79  7:35  SCV  
  81  7:37  Barracks Tech Lab  
  81  7:43  Marine x4  
  81  7:44  Barracks Reactor, Orbital Command, Supply Depot  
  85  7:46  Supply Depot  
  85  7:48  Factory Reactor  
  85  7:51  Missile Turret  
  85  7:54  SCV x2  
  87  7:59  Medivac  
  87  8:01  Marine x4  
  89  8:06  SCV x2, Marine  
  91  8:16  Medivac  
  91  8:18  SCV x2  
  91  8:19  Marauder x2, Marine  
  100  8:22  Marine x2  
  100  8:24  Marauder  
  100  8:25  Supply Depot  
  100  8:26  Supply Depot  
  104  8:28  Widow Mine  
  104  8:29  Widow Mine, Armory  
  104  8:30  SCV x2  
  110  8:36  Marine  
  110  8:41  Marauder x2  
  112  8:42  SCV  
  112  8:46  Marauder, Viking  
  112  8:48  Orbital Command, Marine  
  113  8:49  Widow Mine  
  113  8:58  Widow Mine  
  113  8:59  Marine  
  113  9:01  SCV  
  113  9:02  Marauder x2  
  121  9:05  SCV  
  121  9:07  Marauder  
  124  9:11  Widow Mine  
  124  9:13  SCV  
  124  9:14  SCV  
  128  9:20  Widow Mine  
  128  9:21  SCV  
  128  9:24  Marauder  
  133  9:31  Marauder, Medivac x2  
  133  9:32  SCV  
  133  9:33  Widow Mine, Supply Depot  
  133  9:34  Supply Depot  
  133  9:36  SCV  
  137  9:39  Marine  
  137  9:41  Widow Mine  
  137  9:42  Refinery  
  137  9:43  Refinery  
  137  9:45  Marauder  
  140  9:51  Marauder, Supply Depot  
  141  9:52  Supply Depot  
  141  9:55  Marauder  
  141  9:56  SCV  
  144  10:00  SCV  
  144  10:01  Medivac  
  144  10:03  SCV  
  144  10:04  Marine  
  144  10:06  Marauder  
  151  10:08  SCV  
  151  10:11  Terran Infantry Weapons Level 2  
  151  10:13  Marauder  
  153  10:14  Marine  
  153  10:16  Marauder, Marine  
  153  10:19  Marine  
  156  10:22  Marine  
  156  10:28  Marauder  
  139  10:32  Marine  
  139  10:34  Marauder  
  117  10:35  Marine  
  117  10:38  Marauder, Medivac x2  
  117  10:40  Marine  
  120  10:45  Widow Mine x2  
  120  10:49  Marauder  
  126  10:50  Marine  
  126  10:54  Marine  
  126  10:56  Marauder  
  126  10:57  Marine  
  130  10:59  Marauder  
  133  11:09  Marine  
  133  11:11  Marauder  
  135  11:16  Marine  
  135  11:17  Marauder  
  138  11:19  Marine  
  138  11:20  Marauder  
  138  11:22  Marine  
  140  11:28  Medivac x2  
  140  11:29  Marine  
  140  11:32  Marauder  
  147  11:34  Widow Mine, Marine  
  147  11:37  Marine  
  147  11:38  Marauder  
  147  11:40  Marine  
  147  11:42  Marauder  
  150  11:47  Terran Infantry Armor Level 2, Marine  
  150  11:52  Marine  
  150  11:53  Marauder  
  154  11:58  Medivac  
  154  12:00  Marauder  
  154  12:01  Marine  
  154  12:03  Marauder, Medivac  
  154  12:06  Marine  
  154  12:07  Marine  
  152  12:10  Marine  
  152  12:15  Marauder  
  137  12:19  Marine  
  137  12:21  Marauder  
  128  12:24  Marauder, Marine x2  
  128  12:27  Marine  
  122  12:36  Marauder  
  114  12:37  Marine  
  114  12:41  Marine  
  114  12:42  Marauder, Marine  
  111  12:45  Marine  
  111  12:46  Marauder  
  100  12:55  Marine, Medivac  
  100  12:57  Marauder  
  99  12:59  Marine  
  99  13:00  Marine  
  101  13:17  Orbital Command  
  96  14:06  Marine  
Show
View Real Time Build Order
Export as new Build Order

Stats Protoss 

Build Orders: 1 Gate Expand, Blink Stalkers 

Get SALT Encoding   

  12  0:00  Probe  
  13  0:12  Probe  
  14  0:18  Pylon  
  14  0:24  Probe (Chrono Boost)  
  15  0:37  Probe (Chrono Boost)  
  15  0:38  Gateway  
  16  0:44  Probe (Chrono Boost)  
  16  0:46  Assimilator  
  17  0:51  Probe  
  18  1:03  Probe  
  19  1:15  Probe  
  20  1:25  Cybernetics Core  
  20  1:33  Nexus  
  20  1:37  Probe  
  21  1:43  Pylon  
  21  1:47  Assimilator  
  21  1:51  Probe  
  22  1:59  Adept (Chrono Boost)  
  22  2:01  Warp Gate  
  22  2:03  Probe  
  25  2:15  Probe  
  25  2:18  Adept (Chrono Boost)  
  28  2:24  Twilight Council  
  28  2:28  Probe  
  29  2:43  Probe (Chrono Boost), Robotics Facility  
  30  2:45  Probe (Chrono Boost)  
  31  2:54  Probe (Chrono Boost)  
  31  2:56  Probe (Chrono Boost)  
  33  2:59  Probe (Chrono Boost)  
  33  3:04  Probe, Gateway  
  35  3:09  Blink (Chrono Boost)  
  35  3:21  Probe x2  
  35  3:23  Gateway  
  37  3:30  Gateway  
  37  3:38  Observer  
  37  3:39  Probe x2  
  40  3:41  Pylon  
  40  3:50  Stalker  
  40  3:51  Probe x2  
  44  3:56  Assimilator  
  44  3:58  Pylon  
  44  3:59  Warp Prism (Chrono Boost)  
  46  4:04  Probe  
  46  4:06  Probe  
  48  4:11  Stalker  
  48  4:15  Stalker  
  50  4:19  Stalker  
  42  4:25  Stalker  
  40  4:35  Probe x2 (Chrono Boost)  
  38  4:47  Probe (Chrono Boost)  
  40  4:53  Probe (Chrono Boost)  
  40  4:56  Probe (Chrono Boost)  
  42  5:01  Probe x2 (Chrono Boost)  
  42  5:03  Stalker x2  
  42  5:04  Stalker  
  49  5:14  Probe (Chrono Boost)  
  51  5:17  Probe (Chrono Boost)  
  51  5:22  Observer  
  51  5:24  Probe (Chrono Boost)  
  51  5:27  Stalker x3  
  51  5:28  Stalker  
  60  5:31  Observer, Pylon  
  60  5:42  Probe x2  
  60  5:54  Probe x2 (Chrono Boost)  
  62  5:57  Stalker  
  62  5:58  Stalker x2  
  62  6:01  Stalker  
  70  6:05  Pylon  
  70  6:09  Probe x2 (Chrono Boost)  
  54  6:22  Probe  
  54  6:23  Probe  
  54  6:25  Stalker x3  
  62  6:29  Stalker  
  64  6:37  Assimilator  
  64  6:41  Probe x2  
  66  6:47  Nexus  
  66  6:48  Robotics Bay  
  66  7:00  Probe x2  
  66  7:12  Probe x2  
  68  7:17  Pylon  
  68  7:24  Probe x2  
  68  7:26  Stalker  
  68  7:27  Stalker x3  
  78  7:33  Colossus (Chrono Boost)  
  78  7:35  Pylon  
  78  7:36  Probe  
  78  7:37  Probe  
  86  7:41  Pylon  
  86  7:42  Extended Thermal Lance  
  86  7:50  Charge  
  86  7:53  Probe x2  
  86  7:57  Forge  
  88  8:11  Probe  
  88  8:12  Probe x2  
  91  8:14  Stalker x4  
  99  8:22  Gateway x2  
  99  8:27  Colossus (Chrono Boost)  
  99  8:28  Protoss Ground Weapons Level 1 (Chrono Boost)  
  104  8:41  Probe x2  
  104  8:43  Probe  
  104  8:44  Observer  
  106  8:49  Gateway  
  106  8:51  Gateway  
  106  8:55  Zealot x3, Sentry  
  112  9:02  Pylon  
  114  9:04  Pylon x2  
  114  9:05  Pylon  
  112  9:18  Warp Prism (Chrono Boost)  
  112  9:21  Zealot x5  
  112  9:23  Zealot  
  123  9:47  Observer (Chrono Boost)  
  123  9:48  Zealot x2  
  123  9:49  Zealot x6  
  140  9:55  Photon Cannon  
  140  10:03  Pylon  
  140  10:12  Zealot x5  
  101  10:38  Zealot x6  
  101  10:39  Zealot x2  
  101  10:41  Assimilator  
  105  10:43  Colossus (Chrono Boost), Assimilator  
  111  10:59  Sentry x2  
  111  11:00  Stalker x4, Sentry  
  111  11:01  Stalker  
  127  11:05  Photon Cannon  
  127  11:07  Photon Cannon  
  127  11:09  Observer  
  119  11:28  Zealot x5  
  119  11:30  Disruptor (Chrono Boost)  
  130  11:41  Nexus  
  130  11:48  Robotics Facility  
  130  11:58  Disruptor (Chrono Boost)  
  133  12:06  Zealot x7  
  109  12:41  Zealot x3  
  109  12:42  Zealot x3  
  76  13:21  Pylon  
  76  13:24  Probe (Chrono Boost)  
  69  13:27  Pylon  
  69  13:34  Probe (Chrono Boost)  
  70  13:35  Robotics Facility  
  70  13:38  Probe (Chrono Boost)  
  70  13:39  Probe (Chrono Boost)  
  72  13:54  Dark Shrine  
  75  14:05  Probe  
Tags
 
Add a new tag
Caveats
  • Supply blocks, unpowered buildings, or Contaminate may cause inaccurate times.
  • Supply counts are checked every 10 seconds.